AoeStats
← FATBOY [IM NOT RACIST ANYMORE

Fortress

507623767Analyzed
4v4 RM · 14d ago on Sep 19, 2026· 38m 30s· 8 players
Game mode
Random Map
Map size
Huge
Population
200
Speed
Normal
Resources
Standard
Victory
Conquest
Starting age
Dark Age
Ending age
Imperial Age
RankedLock teamsTeams togetherTeam positionsShared explorationLock speedFull tech treeHidden civsTurbo modeCheats
Victory
Defeat
🇨🇳 Khitans · China
1411
+14
🇺🇸 Wei · United States
1362
+16
🇲🇽 Khmer · Mexico
1360
+16
🇺🇸 Britons · United States
1312
+18
🇨🇳 Celts · China
1430
-18
🇹🇼 Saracens · Taiwan
1372
-16
🇺🇸 Teutons · United States
1366
-16
🇨🇳 Spanish · China
1312
-14
taj
7:01 Feudal Age
11:12 Castle Age
9:05 Double-Bit Axe
9:24 Horse Collar
17:40 Bow Saw
20:03 Wheelbarrow
23:18 Heavy Plow
26:13 Imperial Age
25:29 Scale Barding Armor
26:07 Forging
26:01 Fletching
26:34 Hand Cart
27:21 Husbandry
27:31 Bloodlines
28:03 Chain Barding Armor
28:11 Elite Mameluke
29:12 Conscription
29:02 Town Watch
29:55 Iron Casting
32:56 Chemistry
35:52 Plate Barding Armor
Thor Odinson
7:48 Feudal Age
8:30 Double-Bit Axe
8:27 Horse Collar
12:07 Wheelbarrow
13:38 Castle Age
15:29 Bloodlines
15:50 Heavy Plow
16:27 Bow Saw
16:54 Loom
20:45 Wheelbarrow
22:12 Hand Cart
22:32 Scale Barding Armor
22:37 Forging
22:51 Town Watch
25:40 Chain Barding Armor
25:55 Iron Casting
28:03 Imperial Age
28:37 Cavalier
30:57 Two-Man Saw
33:12 Plate Barding Armor
33:47 Blast Furnace
很蓝的啦
7:11 Feudal Age
11:11 Castle Age
9:30 Double-Bit Axe
9:28 Horse Collar
13:04 Bow Saw
14:57 Wheelbarrow
14:07 Town Watch
14:10 Loom
17:46 Stone Mining
17:48 Gold Mining
20:27 Heavy Plow
22:45 Gold Shaft Mining
22:57 Stone Shaft Mining
23:37 Hand Cart
23:07 Town Watch
27:30 Imperial Age
24:59 Treadmill Crane
25:39 Ballistics
25:29 Masonry
25:40 Scale Mail Armor
25:51 Forging
26:07 Town Patrol
26:21 Pikeman
26:46 Arson
27:31 Chain Mail Armor
27:51 Iron Casting
28:18 Stronghold
28:08 Halberdier
28:34 Capped Ram
30:06 Conscription
30:08 Heavy Scorpion
33:25 Plate Mail Armor
33:55 Blast Furnace
fafagege
7:22 Feudal Age
11:25 Castle Age
11:06 Double-Bit Axe
11:01 Horse Collar
11:16 Gold Mining
17:28 Wheelbarrow
17:24 Padded Archer Armor
18:43 Bloodlines
19:44 Leather Archer Armor
19:31 Husbandry
19:40 Loom
Dr Whitman
9:08 Feudal Age
10:36 Horse Collar
13:19 Castle Age
12:01 Double-Bit Axe
12:11 Gold Mining
12:19 Fletching
13:26 Double-Bit Axe
13:58 Bodkin Arrow
16:38 Loom
17:29 Wheelbarrow
17:50 Ballistics
17:47 Padded Archer Armor
19:53 Bow Saw
29:28 Wheelbarrow
34:08 Yeomen
38:36 Imperial Age
37:32 Leather Archer Armor
freedom is not free
5:57 Feudal Age
6:27 Double-Bit Axe
6:29 Domestication
13:32 Castle Age
11:41 Gold Mining
14:48 Bow Saw
15:16 Wheelbarrow
15:06 Pastoralism
18:00 Loom
18:32 Hand Cart
21:10 Town Watch
25:18 Imperial Age
23:07 Scale Mail Armor
23:18 Forging
24:11 Fortified Wall
24:47 Squires
24:32 Arson
25:24 Lamellar Armor
25:39 Chain Mail Armor
24:48 Pikeman
26:01 Masonry
25:33 Treadmill Crane
27:14 Two-Man Saw
27:20 Transhumance
28:02 Plate Mail Armor
28:09 Iron Casting
28:54 Conscription
30:34 Gambesons
30:48 Fletching
30:59 Padded Archer Armor
33:38 Chemistry
32:59 Ballistics
32:12 Elite Liao Dao
33:41 Bodkin Arrow
FATBOY [IM NOT RACIST ANYMORE
7:27 Feudal Age
11:53 Castle Age
10:03 Double-Bit Axe
10:29 Horse Collar
12:43 Heavy Plow
12:53 Bow Saw
19:01 Wheelbarrow
18:12 Town Watch
18:14 Loom
19:30 Gold Mining
24:35 Imperial Age
23:01 Scale Barding Armor
23:06 Forging
23:02 Scale Barding Armor
23:34 Hand Cart
24:16 Chain Barding Armor
25:52 Iron Casting
25:39 Conscription
25:40 Bloodlines
25:30 Husbandry
26:45 Ming Guang Armor
26:09 Elite Tiger Cavalry
28:35 Blast Furnace
28:22 Fletching
28:32 Padded Archer Armor
29:40 Parthian Tactics
29:28 Thumb Ring
29:41 Light Cavalry
30:25 Bodkin Arrow
30:54 Ballistics
31:34 Chemistry
31:55 Treadmill Crane
32:27 Fortified Wall
32:32 Bracer
Rata Preñadora
7:27 Feudal Age
8:02 Loom
10:46 Castle Age
8:37 Double-Bit Axe
10:00 Horse Collar
10:13 Gold Mining
12:26 Wheelbarrow
13:16 Bow Saw
17:14 Heavy Plow
18:23 Hand Cart
22:37 Ballistics
24:29 Gold Shaft Mining
28:01 Imperial Age
28:18 Capped Ram
30:44 Heavy Scorpion
34:18 Siege Ram
37:28 Caravan
Connection lost

Rejoining the realm…

Still unreachable

The connection could not be restored.

Session expired

The server has moved on; the page needs a fresh start.